| TOP OF THE 1ST |
|
Harrisburg Senators batting - Pitching for Colorado (EL) Rockies : RHP Tsuneyoshi Kubo
|
|
Pitching: RHP Tsuneyoshi Kubo
|
|
|
Batting: RHB Jim Miske
|
0-0: Ball 1-0: Ball 2-0: Ball 3-0: Base on Balls
|
|
Batting: RHB Mike Buchanan
|
0-0: DOUBLE (Groundball, 5L, EV 95.0 MPH) Jim Miske to third
|
|
Batting: LHB Kyung-jin Cho
|
0-0: Foul Ball, location: 2F 0-1: Ground out 4-3 (Groundball, 4, EV 90.6 MPH) Jim Miske scores Mike Buchanan to third
|
|
Batting: LHB Pat Aviles
|
0-0: Foul Ball, location: 2F 0-1: Ball 1-1: Foul Ball, location: 2F 1-2: Fly out, F8 (Line Drive, 8LM, EV 96.9 MPH) Runner from 3rd tags up, SCORES, throw by CF
|
|
Batting: RHB Antonio Laurel
|
0-0: Ball 1-0: Fly out, F4 (Popup, 23, EV 87.5 MPH)
|
| Top of the 1st over - 2 runs, 1 hit, 0 errors, 0 left on base; Harrisburg 2 - Colorado (EL) 0 |
| BOTTOM OF THE 1ST |
|
Colorado (EL) Rockies batting - Pitching for Harrisburg Senators : RHP Jason Beck
|
|
Pitching: RHP Jason Beck
|
|
|
Batting: LHB Nick Martin
|
0-0: Ball 1-0: Foul Ball, location: 2F 1-1: Called Strike 1-2: Strikes out swinging
|
|
Batting: RHB Matviy Oliynyk
|
0-0: Ground out 3-1 (Groundball, 34S, EV 91.9 MPH)
|
|
Batting: SHB Bobby Santor
|
0-0: Foul Ball, location: 2F 0-1: Swinging Strike 0-2: Ball 1-2: Strikes out swinging
|
| Bottom of the 1st over - 0 runs, 0 hits, 0 errors, 0 left on base; Harrisburg 2 - Colorado (EL) 0 |
| TOP OF THE 2ND |
|
Harrisburg Senators batting - Pitching for Colorado (EL) Rockies : RHP Tsuneyoshi Kubo
|
|
Batting: LHB Evan Oliveri
|
0-0: Ball 1-0: Ball 2-0: Ball 3-0: Base on Balls
|
|
Batting: RHB Naofumi Ishida
|
0-0: Called Strike Evan Oliveri steals 2nd base 0-1: Foul Ball, location: 2F 0-2: Foul Ball, location: 2F 0-2: Foul Ball, location: 2F 0-2: Ball 1-2: Foul Ball, location: 2F 1-2: Ball 2-2: Fly out, F9 (Flyball, 9, EV 88.1 MPH)
|
|
Batting: RHB Antonio Morado
|
0-0: Ball 1-0: Called Strike 1-1: 2-RUN HOME RUN (Flyball, 78XD, EV 106.9 MPH), Distance : 422 ft
|
|
Batting: RHB Victor Cintron
|
0-0: Ball 1-0: Foul Ball, location: 2F 1-1: Called Strike 1-2: Foul Ball, location: 2F 1-2: Ground out U3 (Groundball, 3L, EV 109.4 MPH)
|
|
Batting: RHB Jim Miske
|
0-0: Called Strike 0-1: Ball 1-1: Swinging Strike 1-2: SINGLE (Groundball, 34D, EV 95.6 MPH)
|
|
Batting: RHB Mike Buchanan
|
0-0: Fielders Choice at 2nd, U6 (Groundball, 6M, EV 83.8 MPH)
|
| Top of the 2nd over - 2 runs, 2 hits, 0 errors, 1 left on base; Harrisburg 4 - Colorado (EL) 0 |
| BOTTOM OF THE 2ND |
|
Colorado (EL) Rockies batting - Pitching for Harrisburg Senators : RHP Jason Beck
|
|
Batting: LHB Paul McClintock
|
0-0: Called Strike 0-1: Ball 1-1: Ball 2-1: Swinging Strike 2-2: Ball 3-2: Base on Balls
|
|
Batting: RHB Chris Osting
|
0-0: Called Strike 0-1: Ball 1-1: Ball 2-1: Foul Ball, location: 2F 2-2: Strikes out swinging
|
|
Batting: RHB Pei Xie
|
0-0: Foul Ball, location: 2F 0-1: Ball 1-1: Ball 2-1: Called Strike 2-2: Strikes out looking
|
|
Batting: RHB Zakhar Edelman
|
0-0: Swinging Strike 0-1: Ball 1-1: Ball 2-1: Ball 3-1: Called Strike 3-2: Ground out 5-3 (Groundball, 56S, EV 60.0 MPH)
|
| Bottom of the 2nd over - 0 runs, 0 hits, 0 errors, 1 left on base; Harrisburg 4 - Colorado (EL) 0 |
| TOP OF THE 3RD |
|
Harrisburg Senators batting - Pitching for Colorado (EL) Rockies : RHP Tsuneyoshi Kubo
|
|
Batting: LHB Kyung-jin Cho
|
0-0: Called Strike 0-1: Ball 1-1: Ground out 5-3 (Groundball, 56, EV 89.4 MPH)
|
|
Batting: LHB Pat Aviles
|
0-0: Ball 1-0: Ball 2-0: Called Strike 2-1: Swinging Strike 2-2: Foul Ball, location: 2F 2-2: Ball 3-2: Base on Balls
|
|
Batting: RHB Antonio Laurel
|
0-0: Fly out, F8 (Flyball, 8LXD, EV 109.4 MPH)
|
|
Batting: LHB Evan Oliveri
|
0-0: Called Strike 0-1: Foul Ball, location: 2F 0-2: Ball 1-2: Foul Ball, location: 2F 1-2: Ball 2-2: Strikes out looking
|
| Top of the 3rd over - 0 runs, 0 hits, 0 errors, 1 left on base; Harrisburg 4 - Colorado (EL) 0 |
| BOTTOM OF THE 3RD |
|
Colorado (EL) Rockies batting - Pitching for Harrisburg Senators : RHP Jason Beck
|
|
Batting: LHB Daniel Green
|
0-0: Called Strike 0-1: Swinging Strike 0-2: Ball 1-2: Foul Ball, location: 2F 1-2: Ball 2-2: Foul Ball, location: 2F 2-2: Ball 3-2: SINGLE (Groundball, 3D, EV 105.0 MPH)
|
|
Batting: RHB Kevin McKasson
|
0-0: Swinging Strike 0-1: Fly out, F8 (Line Drive, 8RS, EV 90.0 MPH)
|
|
Batting: LHB Nick Martin
|
0-0: Foul Ball, location: 2F 0-1: Ball 1-1: Ball 2-1: Ball Daniel Green is caught stealing 2nd base 2-6 3-1: Foul Ball, location: 2F 3-2: Base on Balls
|
|
Batting: RHB Matviy Oliynyk
|
0-0: Ball Nick Martin steals 2nd base 1-0: Called Strike 1-1: SINGLE (Groundball, P, EV 88.8 MPH) (infield hit) Nick Martin to third
|
|
Batting: SHB Bobby Santor
|
0-0: Foul Ball, location: 2F 0-1: Ground out 4-3 (Groundball, 4D, EV 100.0 MPH)
|
| Bottom of the 3rd over - 0 runs, 2 hits, 0 errors, 2 left on base; Harrisburg 4 - Colorado (EL) 0 |
| TOP OF THE 4TH |
|
Harrisburg Senators batting - Pitching for Colorado (EL) Rockies : RHP Tsuneyoshi Kubo
|
|
Batting: RHB Naofumi Ishida
|
0-0: Called Strike 0-1: Called Strike 0-2: Ball 1-2: Ball 2-2: Ground out 6-3 (Groundball, 56, EV 78.1 MPH)
|
|
Batting: RHB Antonio Morado
|
0-0: Ground out 5-3 (Groundball, 5, EV 108.1 MPH)
|
|
Batting: RHB Victor Cintron
|
0-0: Foul Ball, location: 2F 0-1: Ball 1-1: Foul Ball, location: 2F 1-2: SINGLE (Line Drive, 4MD, EV 95.6 MPH)
|
|
Batting: RHB Jim Miske
|
0-0: Called Strike 0-1: Ball 1-1: Ball 2-1: Swinging Strike 2-2: Foul Ball, location: 2F 2-2: Fly out, F8 (Flyball, 8RXD, EV 83.8 MPH)
|
| Top of the 4th over - 0 runs, 1 hit, 0 errors, 1 left on base; Harrisburg 4 - Colorado (EL) 0 |
| BOTTOM OF THE 4TH |
|
Colorado (EL) Rockies batting - Pitching for Harrisburg Senators : RHP Jason Beck
|
|
Batting: LHB Paul McClintock
|
0-0: Called Strike 0-1: Ground out 4-3 (Groundball, 4M, EV 80.6 MPH)
|
|
Batting: RHB Chris Osting
|
0-0: Foul Ball, location: 2F 0-1: Fly out, F7 (Flyball, 7, EV 76.9 MPH)
|
|
Batting: RHB Pei Xie
|
0-0: Ball 1-0: Swinging Strike 1-1: Foul Ball, location: 2F 1-2: Ball 2-2: Strikes out looking
|
| Bottom of the 4th over - 0 runs, 0 hits, 0 errors, 0 left on base; Harrisburg 4 - Colorado (EL) 0 |
| TOP OF THE 5TH |
|
Harrisburg Senators batting - Pitching for Colorado (EL) Rockies : RHP Tsuneyoshi Kubo
|
|
Batting: RHB Mike Buchanan
|
0-0: Fly out, F9 (Line Drive, 9S, EV 91.2 MPH)
|
|
Batting: LHB Kyung-jin Cho
|
0-0: Foul Ball, location: 2F 0-1: Ball 1-1: Ball 2-1: SINGLE (Groundball, 6MS, EV 70.6 MPH) (infield hit)
|
|
Batting: LHB Pat Aviles
|
0-0: Ball 1-0: 2-RUN HOME RUN (Flyball, 7D, EV 97.5 MPH), Distance : 368 ft
|
|
Pitching: LHP Kyle Mearkle
|
|
|
Batting: RHB Antonio Laurel
|
0-0: Fly out, F8 (Flyball, 8RS, EV 91.9 MPH)
|
|
Batting: LHB Evan Oliveri
|
0-0: Swinging Strike 0-1: Ball 1-1: Foul Ball, location: 2F 1-2: Foul Ball, location: 2F 1-2: Ball 2-2: Foul Ball, location: 2F 2-2: Ball 3-2: Base on Balls
|
|
Batting: RHB Naofumi Ishida
|
0-0: Ball 1-0: Foul Ball, location: 2F 1-1: Ball 2-1: Foul Ball, location: 2F 2-2: Ball 3-2: Base on Balls Evan Oliveri to second
|
|
Batting: RHB Antonio Morado
|
0-0: Foul Ball, location: 2F 0-1: Ball 1-1: Called Strike 1-2: Strikes out swinging
|
| Top of the 5th over - 2 runs, 2 hits, 0 errors, 2 left on base; Harrisburg 6 - Colorado (EL) 0 |
| BOTTOM OF THE 5TH |
|
Colorado (EL) Rockies batting - Pitching for Harrisburg Senators : RHP Jason Beck
|
|
Batting: RHB Zakhar Edelman
|
0-0: Ground out 3-1 (Groundball, 34, EV 79.4 MPH)
|
|
Batting: LHB Daniel Green
|
0-0: Ball 1-0: Swinging Strike 1-1: Foul Ball, location: 2F 1-2: Fly out, F9 (Line Drive, 9LM, EV 91.2 MPH)
|
|
Batting: RHB Kevin McKasson
|
0-0: Foul Ball, location: 2F 0-1: Ball 1-1: Ball 2-1: Ground out 6-3 (Groundball, 6, EV 103.1 MPH)
|
| Bottom of the 5th over - 0 runs, 0 hits, 0 errors, 0 left on base; Harrisburg 6 - Colorado (EL) 0 |
| TOP OF THE 6TH |
|
Harrisburg Senators batting - Pitching for Colorado (EL) Rockies : LHP Kyle Mearkle
|
|
Batting: RHB Victor Cintron
|
0-0: Ball 1-0: Foul Ball, location: 2F 1-1: Foul Ball, location: 2F 1-2: Ball 2-2: Strikes out swinging
|
|
Batting: RHB Jim Miske
|
0-0: Ball 1-0: Foul Ball, location: 2F 1-1: SINGLE (Groundball, 5S, EV 73.8 MPH) (infield hit)
|
|
Batting: RHB Mike Buchanan
|
0-0: Called Strike 0-1: Ball 1-1: Ball 2-1: Ground out 5-3 (Groundball, 56S, EV 66.2 MPH) Jim Miske to second
|
|
Batting: LHB Kyung-jin Cho
|
0-0: Called Strike 0-1: Ground out 6-3 (Groundball, 6, EV 108.8 MPH)
|
| Top of the 6th over - 0 runs, 1 hit, 0 errors, 1 left on base; Harrisburg 6 - Colorado (EL) 0 |
| BOTTOM OF THE 6TH |
|
Colorado (EL) Rockies batting - Pitching for Harrisburg Senators : RHP Jason Beck
|
|
Batting: LHB Nick Martin
|
0-0: Ball 1-0: Foul Ball, location: 2F 1-1: Ball 2-1: Ball 3-1: Swinging Strike 3-2: Foul Ball, location: 2F 3-2: Base on Balls
|
|
Batting: RHB Matviy Oliynyk
|
0-0: Called Strike Nick Martin is caught stealing 2nd base 2-4 0-1: Called Strike 0-2: Strikes out swinging
|
|
Batting: SHB Bobby Santor
|
0-0: DOUBLE (Line Drive, 5D, EV 95.0 MPH)
|
|
Batting: LHB Paul McClintock
|
0-0: Ball 1-0: Ground out 4-3 (Groundball, 4, EV 84.4 MPH)
|
| Bottom of the 6th over - 0 runs, 1 hit, 0 errors, 1 left on base; Harrisburg 6 - Colorado (EL) 0 |
| TOP OF THE 7TH |
|
Harrisburg Senators batting - Pitching for Colorado (EL) Rockies : LHP Kyle Mearkle
|
|
Batting: LHB Pat Aviles
|
0-0: Ball 1-0: Called Strike 1-1: Foul Ball, location: 2F 1-2: Strikes out swinging
|
|
Batting: RHB Antonio Laurel
|
0-0: Ball 1-0: Swinging Strike 1-1: Ball 2-1: Ball 3-1: Base on Balls
|
|
Pitching: RHP Michael Conrad
|
|
|
Batting: LHB Evan Oliveri
|
0-0: Ball 1-0: Swinging Strike 1-1: Ball 2-1: Called Strike 2-2: Foul Ball, location: 2F 2-2: Fly out, F9 (Flyball, 9LSF, EV 82.5 MPH)
|
|
Batting: RHB Naofumi Ishida
|
0-0: Called Strike 0-1: Ball 1-1: Swinging Strike 1-2: Ball 2-2: Ball 3-2: Base on Balls Antonio Laurel to second
|
|
Batting: RHB Antonio Morado
|
0-0: SINGLE (Line Drive, 34D, EV 96.9 MPH) Antonio Laurel to third Naofumi Ishida to second
|
|
Batting: RHB Victor Cintron
|
0-0: Ball 1-0: Swinging Strike 1-1: Foul Ball, location: 2F 1-2: Fielders Choice at 2nd, 6-4 (Groundball, 6, EV 98.8 MPH)
|
| Top of the 7th over - 0 runs, 1 hit, 0 errors, 3 left on base; Harrisburg 6 - Colorado (EL) 0 |
| BOTTOM OF THE 7TH |
|
Colorado (EL) Rockies batting - Pitching for Harrisburg Senators : RHP Jason Beck
|
|
Batting: RHB Chris Osting
|
0-0: Called Strike 0-1: Ball 1-1: Ball 2-1: Ball 3-1: Foul Ball, location: 2F 3-2: Base on Balls
|
|
Batting: RHB Pei Xie
|
0-0: Called Strike 0-1: Ball 1-1: Ball 2-1: Ball 3-1: Base on Balls Chris Osting to second
|
|
Batting: RHB Zakhar Edelman
|
0-0: Ball 1-0: Ball 2-0: Foul Ball, location: 2F 2-1: Swinging Strike 2-2: Strikes out swinging
|
|
Pitching: RHP Alpha Miller
|
|
|
Batting: LHB Daniel Green
|
0-0: DOUBLE (Line Drive, 9LD, EV 108.8 MPH) Chris Osting scores Pei Xie to third
|
|
Batting: RHB Kevin McKasson
|
0-0: Called Strike 0-1: Swinging Strike 0-2: Ball 1-2: Ball 2-2: Strikes out looking
|
|
Batting: LHB Nick Martin
|
0-0: Called Strike 0-1: Swinging Strike 0-2: Foul Ball, location: 2F 0-2: Fly out, F9 (Flyball, 89S, EV 90.6 MPH)
|
| Bottom of the 7th over - 1 run, 1 hit, 0 errors, 2 left on base; Harrisburg 6 - Colorado (EL) 1 |
| TOP OF THE 8TH |
|
Harrisburg Senators batting - Pitching for Colorado (EL) Rockies : RHP Michael Conrad
|
|
Batting: RHB Jim Miske
|
0-0: Called Strike 0-1: Reached on error, E1 (Groundball, 15S, EV 68.1 MPH)
|
|
Batting: RHB Mike Buchanan
|
0-0: Ball 1-0: Ball 2-0: Foul Ball, location: 2F 2-1: Ball 3-1: Base on Balls
|
|
Pitching: RHP Mike Clark
|
|
|
Batting: LHB Kyung-jin Cho
|
0-0: Ball 1-0: Ball 2-0: Foul Ball, location: 2F 2-1: Ball 3-1: Base on Balls Jim Miske to third Mike Buchanan to second
|
|
Batting: LHB Pat Aviles
|
0-0: Called Strike 0-1: Called Strike 0-2: Foul Ball, location: 2F 0-2: SINGLE (Groundball, 56D, EV 105.0 MPH) Jim Miske scores Mike Buchanan to third Kyung-jin Cho to second
|
|
Batting: RHB Antonio Laurel
|
0-0: Ball 1-0: Swinging Strike 1-1: Ball 2-1: Ball 3-1: Called Strike 3-2: Grounds into double play, 5-4-3 (Groundball, 56S, EV 82.5 MPH) Mike Buchanan scores Kyung-jin Cho to third
|
|
Batting: LHB Evan Oliveri
|
0-0: Called Strike 0-1: Swinging Strike 0-2: Foul Ball, location: 2F 0-2: Ground out 4-3 (Groundball, 34D, EV 86.9 MPH)
|
| Top of the 8th over - 2 runs, 1 hit, 1 error, 1 left on base; Harrisburg 8 - Colorado (EL) 1 |
| BOTTOM OF THE 8TH |
|
Colorado (EL) Rockies batting - Pitching for Harrisburg Senators : RHP Alpha Miller
|
|
Batting: RHB Matviy Oliynyk
|
0-0: Ball 1-0: Ball 2-0: Foul Ball, location: 2F 2-1: Ball 3-1: Base on Balls
|
|
Batting: SHB Bobby Santor
|
0-0: Called Strike 0-1: Ball 1-1: Called Strike 1-2: Fielders Choice at 2nd, 4-6 (Groundball, 4, EV 89.4 MPH)
|
|
Batting: LHB Paul McClintock
|
0-0: Ball Wild Pitch! Bobby Santor to second 1-0: Foul Ball, location: 2F 1-1: Swinging Strike 1-2: Strikes out looking
|
|
Batting: RHB Chris Osting
|
0-0: Ball 1-0: Ball 2-0: Fly out, F9 (Line Drive, 9D, EV 109.4 MPH)
|
| Bottom of the 8th over - 0 runs, 0 hits, 0 errors, 1 left on base; Harrisburg 8 - Colorado (EL) 1 |
| TOP OF THE 9TH |
|
Harrisburg Senators batting - Pitching for Colorado (EL) Rockies : RHP Mike Clark
|
|
Batting: RHB Naofumi Ishida
|
0-0: Ball 1-0: DOUBLE (Line Drive, 8LXD, EV 101.9 MPH)
|
|
Pinch Hitting: RHB Kevin Wick
|
0-0: Foul Ball, location: 2F 0-1: Foul Ball, location: 2F 0-2: Foul Ball, location: 2F 0-2: Ball 1-2: Ball 2-2: Ball 3-2: Ground out 6-3 (Groundball, 6, EV 88.1 MPH) Naofumi Ishida to third
|
|
Batting: RHB Victor Cintron
|
0-0: Fly out, F9 (Line Drive, 89M, EV 98.8 MPH)
|
|
Batting: RHB Jim Miske
|
0-0: Ball 1-0: Called Strike 1-1: Ball 2-1: Ball 3-1: Fly out, F2 (Popup, 5SF, EV 78.8 MPH)
|
| Top of the 9th over - 0 runs, 1 hit, 0 errors, 1 left on base; Harrisburg 8 - Colorado (EL) 1 |
| BOTTOM OF THE 9TH |
|
Colorado (EL) Rockies batting - Pitching for Harrisburg Senators : RHP Alpha Miller
|
|
Now at 3B: Kevin Wick
|
|
|
Batting: RHB Pei Xie
|
0-0: Foul Ball, location: 2F 0-1: Called Strike 0-2: Foul Ball, location: 2F 0-2: Strikes out swinging
|
|
Batting: RHB Zakhar Edelman
|
0-0: Foul Ball, location: 2F 0-1: Fly out, F7 (Flyball, 7LSF, EV 81.2 MPH)
|
|
Batting: LHB Daniel Green
|
0-0: Ground out 4-3 (Groundball, 4D, EV 107.5 MPH)
|
| Bottom of the 9th over - 0 runs, 0 hits, 0 errors, 0 left on base; Harrisburg 8 - Colorado (EL) 1 |
|